AoeStats
← zamithdaniel

Black Forest

507113649Analyzed
2v2 RM · 17d ago on Sep 16, 2026· 51m 56s· 4 players
Game mode
Random Map
Map size
Medium (4 player)
Population
200
Speed
Normal
Resources
Standard
Victory
Conquest
Starting age
Dark Age
Ending age
Imperial Age
RankedLock teamsTeams togetherTeam positionsShared explorationLock speedFull tech treeHidden civsTurbo modeCheats
Victory
Defeat
🇨🇴 Turks · Colombia
892
+16
🇨🇳 Shu · China
818
+19
🇪🇸 Franks · Spain
1000
-73
🇪🇸 Celts · Spain
779
-17
zamithdaniel
12:07 Feudal Age
12:37 Double-Bit Axe
12:35 Horse Collar
19:47 Castle Age
20:58 Heavy Plow
21:40 Bow Saw
27:44 Gold Mining
27:47 Stone Mining
33:22 Imperial Age
31:30 Wheelbarrow
30:43 Town Watch
30:44 Loom
31:15 Fortified Wall
31:28 Ballistics
32:42 Hand Cart
34:11 Gold Shaft Mining
33:39 Padded Archer Armor
33:50 Forging
33:45 Scale Barding Armor
35:41 Artillery
36:02 Conscription
35:02 Elite Janissary
37:25 Leather Archer Armor
37:46 Iron Casting
37:32 Chain Barding Armor
37:14 Husbandry
37:25 Bloodlines
39:38 Ring Archer Armor
40:54 Town Patrol
44:57 Blast Furnace
44:33 Plate Barding Armor
ng879635
11:49 Feudal Age
13:06 Wheelbarrow
12:19 Double-Bit Axe
12:17 Horse Collar
12:31 Gold Mining
Ludovik
11:40 Feudal Age
12:52 Double-Bit Axe
14:01 Gold Mining
15:39 Wheelbarrow
23:39 Castle Age
22:22 Forging
23:44 Scale Barding Armor
23:43 Stone Mining
24:43 Hand Cart
25:34 Bow Saw
27:42 Iron Casting
27:46 Padded Archer Armor
27:37 Fletching
29:18 Leather Archer Armor
28:31 Crossbowman
32:58 Bodkin Arrow
34:17 Caravan
36:44 Gold Shaft Mining
38:13 Ballistics
41:18 Imperial Age
40:05 Siphons
41:19 Guard Tower
42:05 Chivalry
41:28 Elite Throwing Axeman
42:32 #83
43:59 Blast Furnace
44:29 Chemistry
43:21 Arrowslits
43:23 Cavalier
44:11 Husbandry
45:19 Chain Barding Armor
49:28 Onager
tfranhc11
14:02 Feudal Age
17:44 Castle Age
17:21 Loom
18:14 Wheelbarrow
17:29 Man-at-Arms
18:08 Gold Mining
18:10 Stone Mining
19:16 Double-Bit Axe
21:46 Gold Shaft Mining
22:16 Bow Saw
21:49 Horse Collar
22:53 Caravan
23:30 Heavy Plow
24:50 Stone Shaft Mining
25:17 Hand Cart
24:50 Town Watch
27:07 Ballistics
27:40 Scale Mail Armor
27:50 Forging
27:11 Pikeman
27:11 Long Swordsman
27:37 Arson
28:45 Treadmill Crane
32:30 Imperial Age
30:18 Gambesons
31:42 Town Patrol
32:36 Stronghold
34:42 Chemistry
34:00 Two-Handed Swordsman
34:08 Elite Woad Raider
35:01 Champion
39:28 Iron Casting
39:09 Chain Mail Armor
43:02 Blast Furnace
42:33 Plate Mail Armor
41:39 Capped Ram
43:49 Halberdier
Connection lost

Rejoining the realm…

Still unreachable

The connection could not be restored.

Session expired

The server has moved on; the page needs a fresh start.